 Dungeon Crawl Stone Soup version 0.29.1 (webtiles) character file.

Game seed: 16702181238618770622

238447 TrebMcFLY the Severer (level 20, -1/161 HPs)
             Began as a Formicid Fighter on Sept 12, 2022.
             Was a High Priest of Okawaru.
             Killed from afar by Vut Qoips the Cloud Mage (19 damage)
             ... with a vortex
             ... in a wizard's laboratory on Sept 13, 2022.
             The game lasted 02:10:02 (44562 turns).

TrebMcFLY the Severer (Formicid Fighter)           Turns: 44562, Time: 02:10:02

Health: -1/161     AC: 38    Str: 33    XL:     20   Next: 3%
Magic:  29/29      EV: 19    Int:  4    God:    Okawaru [*****.]
Gold:   3082       SH: 22    Dex: 16    Spells: 19/19 levels left

rFire   + . .      SeeInvis +   U - +7 battleaxe "Impbane" {flame, rC- Dex+3 SInv Stlth+}
rCold   + . .      Faith    .   c - +1 kite shield {reflect}
rNeg    + + .      Spirit   .   Z - +1 crystal plate armour
rPois   +          Reflect  +   (helmet unavailable)
rElec   +          Harm     .   S - +2 cloak
rCorr   .          Rampage  .   p - +1 pair of gloves of the Sun {rElec rPois rC++ Int-4}
Will    +++..                   R - +2 pair of boots "Umesic" {rN++ Will+}
Stlth   ..........              P - amulet of reflection
HPRegen 0.36/turn               s - ring of protection from fire
MPRegen 0.21/turn               q - ring "Vuveckecw" {rElec EV+4 Str+3}

@: heroic, flying (expiring), studying Unarmed Combat
A: permanent stasis, dig shafts and tunnels, antennae 3, four strong arms
}: 2/15 runes: decaying, serpentine
a: Dig, Renounce Religion, Heroism, Finesse, Duel


You were in a wizard's laboratory.
You worshipped Okawaru.
Okawaru was extremely pleased with you.
You visited 7 branches of the dungeon, and saw 32 of its levels.
You also visited: Sewer, Gauntlet and Wizlab.

You collected 3186 gold pieces.
You spent 104 gold pieces at shops.

Inventory:

Hand Weapons
 z - a +0 executioner's axe of electrocution
 N - the +5 broad axe of Discretion {freeze, rF+}
   (Okawaru gifted it to you on level 4 of the Lair of Beasts)

   It freezes those it strikes, dealing additional cold damage.
   It can also slow down cold-blooded creatures.
   rF:        It protects you from fire.
 U - the +7 battleaxe "Impbane" (weapon) {flame, rC- Dex+3 SInv Stlth+}
   (Okawaru gifted it to you on level 5 of the Lair of Beasts)

   It burns those it strikes, dealing additional fire damage.
   Big, fiery blades are also staple armaments of hydra-hunters.
   Dex:       It affects your dexterity (+3).
   rC:        It makes you vulnerable to cold.
   SInv:      It lets you see invisible.
   Stlth:     It makes you more stealthy.
Armour
 a - a +2 robe of willpower
 b - a scarf of repulsion
 c - a +1 kite shield of reflection (worn)
 p - the +1 pair of gloves of the Sun (worn) {rElec rPois rC++ Int-4}
   (You found it on level 2 of the Swamp)

   Int:       It affects your intelligence (-4).
   rC:        It greatly protects you from cold.
   rElec:     It insulates you from electricity.
   rPois:     It protects you from poison.
 R - the +2 pair of boots "Umesic" (worn) {rN++ Will+}
   (Okawaru gifted it to you on level 1 of the Snake Pit)

   rN:        It greatly protects you from negative energy.
   Will:      It increases your willpower.
 S - a +2 cloak (worn)
 Z - a +1 crystal plate armour (worn)
Jewellery
 n - a ring of poison resistance
 q - the ring "Vuveckecw" (right hand) {rElec EV+4 Str+3}
   (You took it off a spriggan air mage in a wizard's laboratory)

   [ring of evasion]

   EV:        It affects your evasion (+4).
   Str:       It affects your strength (+3).
   rElec:     It insulates you from electricity.
 s - a ring of protection from fire (left hand)
 t - a ring of fire
 u - a ring of protection from fire
 v - a ring of flight
 P - an amulet of reflection (around neck)
 Q - a +4 ring of evasion
 V - a ring of ice
 Y - the ring of Ru's Outrage {rC++ AC+4 Int-2 SInv Stlth+}
   (You found it on level 2 of the Orcish Mines)

   [ring of protection]

   AC:        It affects your AC (+4).
   Int:       It affects your intelligence (-2).
   rC:        It greatly protects you from cold.
   SInv:      It lets you see invisible.
   Stlth:     It makes you more stealthy.
Wands
 g - a wand of mindburst (21)
 y - a wand of iceblast (24)
 B - a wand of paralysis (15)
 K - a wand of quicksilver (24)
Scrolls
 e - 9 scrolls of fog
 j - a scroll of blinking
 k - 10 scrolls of enchant armour
 l - 8 scrolls of identify
 x - 2 scrolls of brand weapon
 A - 3 scrolls of poison
 E - 2 scrolls of acquirement
 F - 3 scrolls of fear
 M - 3 scrolls of enchant weapon
 W - 4 scrolls of magic mapping
Potions
 d - 7 potions of might
 f - 17 potions of curing
 h - 8 potions of mutation
 i - a potion of cancellation
 m - 2 potions of haste
 o - 5 potions of lignification
 r - 4 potions of ambrosia
 w - 4 potions of heal wounds
 C - a potion of brilliance
 G - 2 potions of resistance
 H - a potion of attraction
 I - a potion of invisibility
 T - a potion of experience
Miscellaneous
 D - a phial of floods


   Skills:
 + Level 14.8(19.8) Fighting
 * Level 20.2(25.2) Axes
 + Level 14.8(19.8) Armour
 + Level 12.2(17.2) Dodging
 + Level 17.3(22.3) Shields
 + Level 12.6 Invocations
 - Level 3.0 Evocations


You had 19 spell levels left.
You didn't know any spells.
Your spell library contained the following spells:

 Spells                   Type           Power      Damage    Failure   Level
 Apportation              Tloc           0%         N/A       99%         1
 Foxfire                  Conj/Fire      0%         2x1d4     99%         1
 Slow                     Hex            0%         N/A       99%         1
 Sting                    Tmut/Pois      0%         1d3       99%         1
 Wereblood                Tmut           0%         N/A       100%        2
 Confusing Touch          Hex            0%         N/A       100%        3
 Inner Flame              Hex/Fire       0%         N/A       100%        3
 Ozocubu's Armour         Ice            0%         N/A       100%        3
 Cause Fear               Hex            0%         N/A       100%        4
 Petrify                  Tmut/Erth      0%         N/A       100%        4
 Alistair's Intoxication  Tmut/Pois      0%         N/A       100%        5
 Manifold Assault         Tloc           0%         N/A       100%        5
 Metabolic Englaciation   Hex/Ice        0%         N/A       100%        5
 Yara's Violent Unravell  Hex/Tmut       0%         3d3       100%        5
 Enfeeble                 Hex            0%         N/A       100%        7
 Orb of Destruction       Conj           0%         9d5       100%        7
 Ozocubu's Refrigeration  Ice            0%         4d7       100%        7
 Storm Form               Tmut/Air       0%         N/A       100%        7
 Discord                  Hex            0%         N/A       100%        8
 Blink                    Tloc           Unusable   N/A       N/A         2
 Summon Guardian Golem    Hex/Summ       Unusable   N/A       N/A         3
 Simulacrum               Ice/Necr       Unusable   N/A       N/A         6
 Spellforged Servitor     Conj/Summ      Unusable   N/A       N/A         7

Dungeon Overview and Level Annotations

Branches:
Dungeon (15/15)            Temple (1/1) D:7            Lair (5/5) D:10
  Swamp (4/4) Lair:3        Snake (4/4) Lair:3        Slime (0/5) Lair:5
    Orc (2/2) D:12            Elf (0/3) Orc:2        Vaults (1/5) D:13
 Depths (0/4) D:15          Sewer (visited)          WizLab (1/1)
Gauntlet (visited)

Altars:
Ashenzari
Cheibriados
Dithmenos
Elyvilon
Fedhas
Gozag
Hepliaklqana
Kikubaaqudgha
Makhleb
Nemelex Xobeh
Okawaru
Qazlal
Ru
Sif Muna
Trog
Uskayaw
Vehumet
Wu Jian
Xom
Yredelemnul
Zin
The Shining One
Jiyva

Shops:
D:1 [   D:3 (   D:8 ?   D:11 *=   D:13 [   Orc:1 *   Orc:2 [?(!   Snake:1 (

Annotations:
D:14 Roxanne


Innate Abilities, Weirdness & Mutations

You cannot be hasted, slowed, berserked, paralysed or teleported.
You can dig through walls and to a lower floor.
You have a pair of large antennae on your head. (SInv)
Your four strong arms can wield two-handed weapons with a shield.


Message History

You see here a death drake skeleton.
A wind drake comes into view.
You cut the wind drake into ribbons!!! You burn the wind drake!!
You kill the wind drake!
Okawaru accepts your kill.
You see here a wind drake corpse.
You enter the shallow water.
Moving in this stuff is going to be slow.
Why would you want to do that?
There is an open door here.
Vut Qoips the Cloud Mage comes into view.
She is wielding a +0 lajatang and wearing the +3 robe of Clouds {*Thunder rCloud rElec}.
Vut Qoips waves her arms in wide circles.
The air twists around and strikes you!!
There is an open door here.
Press: ? - help, v - describe, . - travel
Here: Vut Qoips the Cloud Mage, wielding a +0 lajatang and wearing the +3 robe of Clouds {*Thunder rCloud rElec} The damp floor.
You gain the combat prowess of a mighty hero.
Vut Qoips closely misses you.
You barely miss Vut Qoips. You block Vut Qoips's attack.
You barely miss Vut Qoips.
Vut Qoips mumbles some strange words.
A freezing vortex appears around Vut Qoips!
You closely miss Vut Qoips. You closely miss Vut Qoips.
The freezing vortex lifts you up.
You fly up into the air.
Vut Qoips waves her arms in wide circles.
The air twists around and strikes you!!!
You are engulfed in whirling frost.
You block Vut Qoips's attack.
You are engulfed in whirling frost.
You block Vut Qoips's attack.
You hear a shout!
You closely miss Vut Qoips.
You are engulfed in whirling frost.
* * * LOW HITPOINT WARNING * * *
You block Vut Qoips's attack.
You hear a shout!
You are engulfed in whirling frost.
* * * LOW HITPOINT WARNING * * *
You block Vut Qoips's attack.
You are engulfed in whirling frost.
You die...

##################≈≈≈≈≈≈≈≈≈≈≈
.................###≈≈≈≈≈≈≈≈≈
~≈~~~~~~~~~≈~~~~...###≈≈≈§§§§≈
###############~~≈...##≈≈§§§§§
## ###### #§§§§§§§#≈≈≈§§§§
#..#..#..##§§§§§§§##≈§§§§§
........§.#§§§§§§§.#≈§§§§§
..........#§§§§§§§.##≈§§§§
......§...#§@§§§§§..#≈§§§§
.....§§...§§@§§§§§..#≈§§§§
.....§§§..#§§§§§§§..#§§§§§
......§§§.#§§§§§§§.##§§§§§
......§§§.#§§§§§§§.#≈≈§≈§§
#..#..#§§##§§§§§§§##≈≈≈≈≈§ ##
###### #§§§§§§§#≈≈≈≈≈≈≈
###############≈≈~...##≈≈≈≈≈≈≈
~~~~~~~~~~~~~~~~...###≈≈≈≈≈≈≈≈


You could see Vut Qoips the Cloud Mage (vortex).

Vanquished Creatures
  the Lernaean hydra (Swamp:4)
  Gastronok (Lair:2)
  Kirke (D:15)
  An orc warlord (Orc:2)
  4 nagarajas
  A vault warden (Vaults:1)
  The ghost of Camille the Peltast, a journeyman HuIE of Vehumet (Orc:2)
  Aizul (Snake:4)
  An ironbound preserver (D:13)
  The ghost of EtherCrawl the Basher, a journeyman HuFi of Hepliaklqana (Lair:4)
  4 eleionomae
  3 spark wasps (WizLab)
  A minotaur (Gauntlet)
  A dire elephant (D:15)
  The ghost of AbrileMaio the Imperceptible, a journeyman SpBr of Wu Jian (Orc:2)
  4 bunyips
  6 blizzard demons (WizLab)
  Josephine (D:11)
  A fire dragon (Lair:5)
  2 boulder beetles
  A great orb of eyes (Vaults:1)
  Fannar (D:11)
  2 salamander tyrants (Snake:4)
  The ghost of Akransas the Destroyer, a journeyman DgCj (Orc:2)
  A rakshasa (D:13)
  24 hydras
  2 spriggan air magi (WizLab)
  3 ghost crabs
  16 naga warriors
  7 centaur warriors
  5 anacondas
  4 tengu warriors
  2 two-headed ogres
  4 alligators
  The ghost of gabibbone the Destroyer, a journeyman DECj of Vehumet (Orc:2)
  Sonja (D:12)
  6 shock serpents
  Nergalle (D:11)
  8 naga sharpshooters
  12 spriggans
  6 death drakes
  6 goliath frogs
  4 salamander mystics
  10 swamp dragons
  5 spriggan druids
  14 naga ritualists
  3 wizards
  13 bog bodies
  An ironbound convoker (Vaults:1)
  5 orc knights
  3 lindwurms (Lair:5)
  7 mana vipers
  6 oklob plants
  An orc sorcerer (Orc:1)
  14 ugly things
  6 will-o-the-wisps
  5 cyclopes
  12 salamanders
  2 centaur zombies (Gauntlet)
  22 elephants
  3 manticores
  52 black mambas
  3 guardian serpents
  18 naga magi
  A vault sentinel (Vaults:1)
  5 apocalypse crabs (WizLab)
  A gargoyle (D:14)
  5 torpor snails (Lair:5)
  An unseen horror (D:12)
  13 cane toads
  4 rime drakes
  A kobold demonologist (D:12)
  3 efreet
  A freezing wraith (D:15)
  4 komodo dragons
  2 yaktaurs (Vaults:1)
  The ghost of kthxbai the Firebug, a novice TeFE (D:5)
  A tengu conjurer (Gauntlet)
  2 trolls (shapeshifter) (D:13)
  5 polar bears
  3 wind drakes (WizLab)
  5 trolls
  9 blink frogs (Lair:5)
  13 tyrant leeches
  17 hornets
  41 slime creatures
  A spectral dream sheep (Lair:4)
  4 snapping turtles (D:13)
  3 shadows
  A spectral black mamba (Lair:4)
  11 air elementals (WizLab)
  2 water elementals (D:13)
  30 yaks
  4 wraiths
  A spectral komodo dragon (Lair:4)
  5 wyverns
  6 basilisks
  3 vampires
  4 hogs (D:15)
  28 vampire mosquitoes
  2 death yak simulacra (Lair:4)
  3 steam dragons
  3 wargs
  13 swamp worms
  An acid dragon (D:10)
  38 nagas
  11 water moccasins
  A hydra simulacrum (Lair:4)
  A spectral hornet (Gauntlet)
  9 swamp drakes
  An ice beast (D:4)
  2 sky beasts
  33 orc warriors
  5 black bears
  9 ogres
  8 wolves
  22 centaurs
  7 kobold brigands
  9 bullfrogs
  3 necrophages
  3 scorpions (D:5)
  2 gnoll sergeants
  A water moccasin zombie (D:3)
  12 killer bees
  8 electric eels
  6 howler monkeys
  5 hounds
  8 orc priests
  3 jellies (Lair:5)
  Jessica (D:3)
  15 orc wizards
  3 iguanas
  A howler monkey zombie (D:3)
  8 adders
  14 gnolls
  5 river rats
  9 shadow imps
  5 white imps
  6 ufetubi (D:7)
  An adder zombie (D:3)
  2 worms
  3 dart slugs
  57 orcs
  12 ball pythons
  10 endoplasms
  3 giant cockroaches
  7 goblins
  12 hobgoblins
  19 jackals
  33 kobolds
  2 quokkas
  9 bats
  8 frilled lizards
  32 rats
1107 creatures vanquished.

Vanquished Creatures (collateral kills)
  A black bear (D:5)
  A bullfrog (D:5)
  An iguana (D:5)
  A gnoll (D:5)
  An adder (D:5)
5 creatures vanquished.

Vanquished Creatures (others)
  A manticore (D:13)
  A bush (Lair:2)
  2 demonic plants (D:7)
  36 foxfires
  44 fungi
  67 plants
  2 withered plants (Orc:2)
153 creatures vanquished.

Grand Total: 1265 creatures vanquished

Notes
Turn   | Place    | Note
-------+----------+-------------------------------------------
     0 | D:1      | TrebMcFLY the Formicid Fighter began the quest for the Orb.
     0 | D:1      | Reached XP level 1. HP: 18/18 MP: 1/1
     5 | D:1      | Found Fat Hottorud's Armour Boutique.
    38 | D:1      | Reached XP level 2. HP: 20/24 MP: 2/2
   114 | D:1      | Found a faded altar of an unknown god.
   227 | D:1      | Reached skill level 3 in Axes
   552 | D:1      | Reached XP level 3. HP: 26/29 MP: 3/3
  1123 | D:2      | Reached skill level 4 in Axes
  1123 | D:2      | Reached XP level 4. HP: 31/35 MP: 4/4
  1763 | D:2      | Found a hide-covered altar of Uskayaw.
  2194 | D:3      | Found a basalt altar of Yredelemnul.
  2194 | D:3      | Found Inist's Weapon Shop.
  2206 | D:3      | Reached skill level 5 in Axes
  2206 | D:3      | Reached XP level 5. HP: 24/41 MP: 5/5
  2615 | D:3      | Noticed Jessica
  2622 | D:3      | Killed Jessica
  2623 | D:3      | Reached XP level 6. HP: 47/47 MP: 6/6
  2790 | D:3      | Reached skill level 6 in Axes
  3087 | D:4      | Noticed an ice beast
  3383 | D:4      | Found a hide-covered altar of Uskayaw.
  3396 | D:4      | Reached XP level 7. HP: 50/52 MP: 7/7
  3435 | D:4      | Found a shimmering blue altar of Sif Muna.
  3475 | D:4      | Found an ornate altar of the Wu Jian Council.
  3510 | D:4      | Reached skill level 7 in Axes
  3795 | D:5      | Entered Level 5 of the Dungeon
  3832 | D:5      | Reached skill level 8 in Axes
  3834 | D:5      | Reached XP level 8. HP: 58/58 MP: 8/8
  3889 | D:5      | Reached skill level 9 in Axes
  3928 | D:5      | Found a glowing drain.
  3966 | Sewer    | Entered a sewer
  4406 | Sewer    | Reached skill level 1 in Dodging
  4801 | D:5      | Found a blossoming altar of Fedhas.
  4924 | D:5      | Found a runed translucent door.
  5130 | D:5      | Noticed kthxbai's ghost (novice TeFE)
  5242 | D:6      | Found a white marble altar of Elyvilon.
  5256 | D:6      | Reached skill level 1 in Evocations
  5260 | D:6      | Reached XP level 9. HP: 64/65 MP: 9/9
  5322 | D:5      | Reached skill level 5 in Shields
  6026 | D:6      | Reached skill level 10 in Axes
  6416 | D:7      | Found a staircase to the Ecumenical Temple.
  6425 | Temple   | Entered the Ecumenical Temple
  6628 | Temple   | Became a worshipper of Warmaster Okawaru
  7253 | D:7      | Reached skill level 5 in Armour
  7485 | D:8      | Found Huwn's Magic Scroll Shoppe.
  7713 | D:8      | Reached skill level 5 in Fighting
  7733 | D:8      | Reached skill level 1 in Invocations
  7818 | D:8      | Identified the +8 dagger of Ychu {flame, rElec rPois Str-4
                  | Stlth-}
  7860 | D:7      | Reached XP level 10. HP: 36/74 MP: 9/11
  8042 | D:8      | Reached * piety under Okawaru
  8954 | D:8      | Reached ** piety under Okawaru
  9013 | D:8      | Reached skill level 11 in Axes
  9610 | D:8      | Reached *** piety under Okawaru
  9611 | D:8      | Reached XP level 11. HP: 79/81 MP: 12/14
  9911 | D:10     | Entered Level 10 of the Dungeon
 10397 | D:10     | Found a staircase to the Lair.
 10645 | Lair:1   | Entered Level 1 of the Lair of Beasts
 10788 | Lair:1   | Noticed a seven-headed hydra
 10811 | Lair:1   | Killed a one-headed hydra
 10812 | Lair:1   | Reached skill level 5 in Invocations
 10821 | Lair:1   | Reached **** piety under Okawaru
 11066 | Lair:1   | Reached skill level 12 in Axes
 11132 | Lair:1   | Reached skill level 5 in Dodging
 11718 | Lair:1   | Noticed a seven-headed hydra
 11734 | Lair:1   | Killed a one-headed hydra
 12621 | Lair:2   | Noticed an elephant
 12621 | Lair:2   | Noticed an elephant
 12651 | Lair:2   | Noticed a four-headed hydra
 12664 | Lair:2   | Killed a one-headed hydra
 12665 | Lair:2   | Reached XP level 12. HP: 85/91 MP: 13/16
 12746 | Lair:2   | Noticed Gastronok
 12747 | Lair:2   | Found a hazy altar of Hepliaklqana.
 12961 | Lair:2   | Killed Gastronok
 13494 | Lair:2   | HP: 4/92 [cane toad (17)]
 13497 | Lair:2   | Reached ***** piety under Okawaru
 13871 | Lair:2   | You fall into a shaft and drop 1 floor!
 13945 | Lair:3   | Noticed an eight-headed hydra
 13960 | Lair:3   | Killed a one-headed hydra
 14143 | Lair:3   | Identified the +5 whip of the Summoning Tiger {freeze,
                  | *Slow rPois rN+++ Int+3}
 14330 | Lair:3   | Found a staircase to the Snake Pit.
 14395 | Lair:3   | Reached skill level 13 in Axes
 15274 | Lair:3   | Found a staircase to the Swamp.
 15560 | Lair:4   | Found a runed translucent gate.
 15560 | Lair:4   | Found a runed translucent gate.
 15560 | Lair:4   | Found a runed translucent gate.
 15562 | Lair:4   | Noticed EtherCrawl's ghost (journeyman HuFi)
 15622 | Lair:4   | Identified the +5 broad axe of Discretion {freeze, rF+}
                  | (Okawaru gifted it to you on level 4 of the Lair of Beasts)
 15622 | Lair:4   | Received a gift from Okawaru
 15632 | Lair:4   | Reached skill level 10 in Shields
 15916 | Lair:4   | Reached XP level 13. HP: 97/99 MP: 15/18
 16893 | Lair:5   | Entered Level 5 of the Lair of Beasts
 16909 | Lair:5   | Found a viscous altar of Jiyva.
 16909 | Lair:5   | Found a staircase to the Slime Pits.
 16969 | Lair:5   | Identified the +7 battleaxe "Impbane" {flame, rC- Dex+3
                  | SInv Stlth+} (Okawaru gifted it to you on level 5 of the
                  | Lair of Beasts)
 16969 | Lair:5   | Received a gift from Okawaru
 17036 | Lair:5   | Reached skill level 14 in Axes
 17225 | Lair:5   | Found a gate leading to a gauntlet.
 17246 | Lair:5   | Identified a scroll of acquirement
 17260 | Gauntlet | Entered a Gauntlet
 17260 | Gauntlet | Found a transporter.
 17260 | Gauntlet | Found a transporter.
 17279 | Gauntlet | Found a transporter.
 17292 | Gauntlet | Found a transporter.
 17307 | Gauntlet | Found a transporter.
 17317 | Gauntlet | Found a transporter.
 17317 | Gauntlet | Found a transporter.
 17320 | Gauntlet | Found a transporter.
 17326 | Gauntlet | Noticed a hell beast
 17348 | Gauntlet | Found a transporter.
 17358 | Gauntlet | Found a transporter.
 17370 | Gauntlet | Found a transporter.
 17393 | Gauntlet | Found a transporter.
 17408 | Gauntlet | Found a transporter.
 17426 | Gauntlet | Found a transporter.
 17547 | Gauntlet | Found a transporter.
 17565 | Gauntlet | Found a transporter.
 17796 | Gauntlet | Got the Cyclopedia of Metamorphic Silt
 17853 | Gauntlet | Reached ****** piety under Okawaru
 17982 | Gauntlet | Noticed a minotaur
 18000 | Gauntlet | Killed a minotaur
 18001 | Gauntlet | Reached XP level 14. HP: 8/108 MP: 20/20
 18489 | Lair:5   | Received a gift from Okawaru
 18879 | Lair:5   | Got Willworking, Part One
 18892 | Lair:5   | Found a runed translucent door.
 19160 | Lair:5   | Reached skill level 10 in Fighting
 19348 | Lair:5   | Reached skill level 10 in Armour
 19822 | Lair:2   | Received a gift from Okawaru
 19823 | Lair:2   | Reached skill level 15 in Axes
 20770 | D:11     | Found Mocethrics's Serpentskin Sales.
 20903 | D:11     | Found Puqyhien's Jewellery Shop.
 20953 | D:11     | Noticed Fannar
 20966 | D:11     | Killed Fannar
 21172 | D:11     | Noticed Nergalle
 21182 | D:11     | Killed Nergalle
 21290 | D:11     | Noticed Josephine
 21302 | D:11     | Killed Josephine
 21868 | D:12     | Reached skill level 10 in Invocations
 22112 | D:12     | Noticed Sonja
 22114 | D:12     | Killed Sonja
 22170 | D:12     | Found a staircase to the Orcish Mines.
 22199 | D:12     | Identified the +6 hand axe of the Rattlesnake {flame, *Slow
                  | Str+6 Dex+5} (Okawaru gifted it to you on level 12 of the
                  | Dungeon)
 22199 | D:12     | Received a gift from Okawaru
 22242 | D:12     | Reached XP level 15. HP: 16/117 MP: 22/22
 23360 | D:13     | Found a gate to the Vaults.
 23360 | D:13     | Noticed an ironbound preserver
 23374 | D:13     | Killed an ironbound preserver
 23529 | D:13     | Found Rammanu's Dragon-Slaying Spoils.
 23646 | D:13     | Received a gift from Okawaru
 23908 | D:13     | Reached skill level 16 in Axes
 24158 | D:13     | Found a bloodstained altar of Trog.
 25493 | D:14     | Received a gift from Okawaru
 25795 | D:14     | Identified Roxanne's Spellbook of the Sage
 25795 | D:14     | Noticed Roxanne
 26309 | D:14     | Reached XP level 16. HP: 126/126 MP: 23/23
 26988 | D:15     | Entered Level 15 of the Dungeon
 27018 | D:15     | Found a shadowy altar of Dithmenos.
 27030 | D:15     | Received a gift from Okawaru
 27199 | D:15     | Noticed Kirke
 27239 | D:15     | Killed Kirke
 27408 | D:15     | Identified the +11 hand axe of the Stained God {freeze,
                  | *Slow rF+ SInv}
 27697 | D:15     | Found a staircase to the Depths.
 28065 | Orc:1    | Entered Level 1 of the Orcish Mines
 28261 | Orc:1    | Found Kymifobb's General Store.
 28318 | Orc:1    | Bought a potion of heal wounds for 65 gold pieces
 28318 | Orc:1    | Bought a potion of curing for 39 gold pieces
 28525 | Orc:2    | Entered Level 2 of the Orcish Mines
 28660 | Orc:2    | Found a staircase to the Elven Halls.
 28928 | Orc:2    | Identified the +3 kite shield of Xuqiat {Will+ Str-2 Dex+2
                  | SInv} (Okawaru gifted it to you on level 2 of the Orcish
                  | Mines)
 28928 | Orc:2    | Received a gift from Okawaru
 28953 | Orc:2    | Reached skill level 17 in Axes
 29352 | Orc:2    | Found a runed translucent gate.
 29352 | Orc:2    | Found a runed translucent gate.
 29355 | Orc:2    | Noticed AbrileMaio's ghost (journeyman SpBr)
 29356 | Orc:2    | Noticed Akransas's ghost (journeyman DgCj)
 29356 | Orc:2    | Noticed Camille's ghost (journeyman HuIE)
 29357 | Orc:2    | Found a runed translucent gate.
 29357 | Orc:2    | Noticed gabibbone's ghost (journeyman DECj)
 29712 | Orc:2    | Found Nyul's Magic Scroll Boutique.
 29712 | Orc:2    | Found Addavuex's Antique Weapon Emporium.
 29714 | Orc:2    | Found Socyl's Distillery.
 29716 | Orc:2    | Found Ijous's Armour Shop.
 29919 | Orc:2    | Killed gabibbone's ghost
 29920 | Orc:2    | Killed AbrileMaio's ghost
 29925 | Orc:2    | Killed Camille's ghost
 29927 | Orc:2    | Killed Akransas's ghost
 29949 | Orc:2    | Identified the ring of Ru's Outrage {rC++ AC+4 Int-2 SInv
                  | Stlth+}
 29972 | Orc:2    | Identified the +1 plate armour of Catatonia {Rampage rF+}
 30419 | Swamp:1  | Entered Level 1 of the Swamp
 30538 | Swamp:1  | Reached skill level 10 in Dodging
 31544 | Swamp:1  | Identified the +11 spear of Olinuc {vorpal, rF++} (Okawaru
                  | gifted it to you on level 1 of the Swamp)
 31544 | Swamp:1  | Received a gift from Okawaru
 31545 | Swamp:1  | Reached XP level 17. HP: 123/135 MP: 24/24
 31928 | Swamp:2  | Identified the +9 hand axe "Bayh" {vorpal, *Noise Dex+3}
 31933 | Swamp:2  | Identified the +1 pair of gloves of the Sun {rElec rPois
                  | rC++ Int-4}
 32420 | Swamp:2  | You fall into a shaft and drop 1 floor!
 32532 | Swamp:3  | Reached skill level 15 in Shields
 32556 | Swamp:3  | Reached skill level 18 in Axes
 33083 | Swamp:4  | Entered Level 4 of the Swamp
 33098 | Swamp:4  | Received a gift from Okawaru
 33823 | Swamp:4  | Identified the +1 crystal plate armour of the Will of the
                  | Gods {rC+ rN+ Will- Int+2} (Okawaru gifted it to you on
                  | level 4 of the Swamp)
 33823 | Swamp:4  | Received a gift from Okawaru
 34584 | Swamp:4  | Noticed the 27-headed Lernaean hydra
 34602 | Swamp:4  | Killed the 19-headed Lernaean hydra
 34603 | Swamp:4  | Reached XP level 18. HP: 16/144 MP: 19/25
 34990 | Swamp:4  | Got a decaying rune of Zot
 35283 | Snake:1  | Entered Level 1 of the Snake Pit
 35561 | Snake:1  | Found Regi's Antique Weapon Shoppe.
 35658 | Snake:1  | Identified the +2 pair of boots "Umesic" {rN++ Will+}
                  | (Okawaru gifted it to you on level 1 of the Snake Pit)
 35658 | Snake:1  | Received a gift from Okawaru
 36429 | Snake:2  | Reached skill level 19 in Axes
 38153 | Snake:3  | Identified the +0 plate armour of the Teacher {rPois}
                  | (Okawaru gifted it to you on level 3 of the Snake Pit)
 38153 | Snake:3  | Received a gift from Okawaru
 38199 | Snake:3  | Reached XP level 19. HP: 152/152 MP: 27/27
 39542 | Snake:4  | Entered Level 4 of the Snake Pit
 39690 | Snake:4  | Noticed Aizul
 39707 | Snake:4  | Killed Aizul
 39938 | Snake:4  | Identified the +7 trident of Ash {vorpal, rC++ rCorr Int+3
                  | Dex-5}
 41627 | Snake:4  | Got a serpentine rune of Zot
 41972 | D:5      | Killed kthxbai's ghost
 42227 | Lair:4   | Killed EtherCrawl's ghost
 43080 | Vaults:1 | Entered Level 1 of the Vaults
 43219 | Vaults:1 | Found a magical portal.
 43236 | WizLab   | Entered The Chambers of the Cloud Mage
 43273 | WizLab   | Received a gift from Okawaru
 43312 | WizLab   | Reached skill level 20 in Axes
 43945 | WizLab   | Reached XP level 20. HP: 73/160 MP: 29/29
 44175 | WizLab   | Identified the ring "Vuveckecw" {rElec EV+4 Str+3}
 44540 | WizLab   | Noticed Vut Qoips
 44562 | WizLab   | Killed from afar by Vut Qoips the Cloud Mage

Illustrated notes

Levels and vault maps discovered:
D:1:      eino_arrival_druids_welcome, layout_basic, serial_shops, shop,
          shapermc_ecumenical_altar_flowoftime, minmay_misc_feat_rows
D:2:      layout_basic, basic_altar
D:3:      layout_rooms, nicolae_yredelemnul_corpse_copse, serial_shops,
          nicolae_shop_bloodbath_and_beyond, grunt_ministairs_9, uniq_jessica
D:4:      layout_rooms, mainiacjoe_overflow_swirl, led_sif_book
D:5:      layout_cave_pools, mainiacjoe_overflow_alcove_2,
          ebering_ghost_sewer_d, cheibrodos_sewer_entry_sluice
D:6:      layout_loops_ring, mainiacjoe_overflow_concentric_impassable,
          chequers_garden, chequers_serial_rivers_room_b
D:7:      layout_basic, minmay_temple_entry_drinking_statues, serial_demonic,
          serial_demonic_e, serial_demonic_c, serial_demonic_a,
          serial_demonic_a, minmay_tree_intersection
D:8:      layout_rooms, serial_shops, nicolae_shop_hallway_stairs
D:9:      layout_big_octagon
D:10:     layout_roguey, lair_entry_dummy, dk_noncrumbling_3, st_stairs_7,
          kennysheep_nondescript
D:11:     layout_irregular_city, serial_shops, shop, serial_column_ruins,
          column_ruins_square_small, column_ruins_open_tiny,
          column_ruins_open_medium, column_ruins_corridor_corner,
          column_ruins_open_small, column_ruins_grid_1,
          column_ruins_columns_straight, column_ruins_grid_1,
          guppyfry_shop_venom, uniq_josephine, uniq_nergalle, uniq_fannar
D:12:     layout_irregular_city, kennysheep_orc_monster_closet_entryway,
          kennysheep_generic_room_7, uniq_sonja
D:13:     wad_bat_island, layout_basic, skrybe_vaults_entry_preservation,
          nicolae_shop_dragon_depot, trog_hazing_becter
D:14:     layout_rooms, uniq_roxanne
D:15:     hangedman_depths_entry_try_elsewhere_first, layout_irregular_city,
          serial_column_ruins, column_ruins_circle_medium,
          column_ruins_open_small, column_ruins_grid_3,
          column_ruins_columns_straight, column_ruins_grid_2,
          column_ruins_open_small, nicolae_dithmenos_shadow_blocks, uniq_kirke
Temple:   nicolae_temple_slightly_damp_pantheon
Lair:1:   layout_cave_pods, beast_lair_carwin_5, grunt_megastairs_1,
          infiniplex_staircase_pool_2, serial_bayou_shore_a, lemuel_fruit_tree
Lair:2:   layout_gridlike, basic_altar, chequers_serial_rivers_micro_e,
          serial_bayou_shore_b, uniq_gastronok
Lair:3:   layout_long_grid, nicolae_swamp_entry_splash_gauntlet,
          guppyfry_snake_entry_garden, minivault_24
Lair:4:   layout_regular_city, gammafunk_ghost_necromancy, grunt_megastairs_3
Lair:5:   wormcave, layout_gridlike, nicolae_slime_entry_slimehenge,
          gauntlet_entry_generic, lemuel_fruit_fields
Swamp:1:  layout_basic_swamp, nicolae_swamp_round_clearing
Swamp:2:  layout_basic_swamp, nicolae_swamp_orc_logging_accident, swamp_pool1
Swamp:3:  layout_falls_marsh, hangedman_swamp_ruin_wall
Swamp:4:  grunt_swamp_rune_castle, layout_basic_swamp
Snake:1:  layout_rooms, serial_shops, shop_fountains, drop_trap
Snake:2:  layout_onion_interference, grunt_ministairs_10
Snake:3:  dpeg_oklob_gauntlet, layout_onion
Snake:4:  snake_pit, layout_basic, uniq_aizul
Orc:1:    layout_diamond_mine, serial_shops, nicolae_shop_trees
Orc:2:    st_orc_rangers, layout_caves, gammafunk_ghost_cemetery
Vaults:1: infiniplex_enter_wizlab_glasses, v_pattern_3, hangedman_vaults_nodes,
          nicolae_vaults_what_the_h, vaults_mumra_minichess,
          grunt_vaults_hallway_short, vaults_dpeg_diagonal,
          nicolae_vaults_circle_grid_a, v_alt_pattern_2,
          vaults_standard_mumra_x, ontoclasm_vaults_hangar,
          layout_vaults_big_room
WizLab:   wizlab_cloud

Skill      XL: |  1  2  3  4  5  6  7  8  9 10 11 12 13 14 15 16 17 18 19 |
---------------+----------------------------------------------------------+-----
Axes           | 3 4 5 6 8 9 10 11 12 13 14 15 16 17 18 19 20 | 20.2
Dodging        | 1 3 4 5 6 7 8 9 10 11 12 | 12.2
Fighting       | 4 5 6 7 8 9 10 11 12 13 14 | 14.8
Armour         | 4 5 6 7 8 9 10 11 12 13 14 | 14.8
Evocations     | 1 3 |  3.0
Shields        | 6 7 8 10 11 12 13 14 15 16 17 | 17.3
Invocations    | 1 4 5 7 8 10 11 12 | 12.6

Action                   |  1- 3 |  4- 6 |  7- 9 | 10-12 | 13-15 | 16-18 | 19-21 || total
-------------------------+-------+-------+-------+-------+-------+-------+-------++-------
Melee: War axe           |    77 |   178 |   434 |   550 |       |       |       ||  1239
       Hand axe          |       |       |       |    60 |       |       |       ||    60
       Broad axe         |       |       |       |    27 |   310 |    93 |       ||   430
       Battleaxe         |       |       |       |       |   464 |   995 |   576 ||  2035
Throw: Boomerang         |       |       |     6 |       |       |       |       ||     6
       Dart              |       |       |       |     8 |     2 |       |       ||    10
Invok: Heroism           |       |       |       |    24 |    18 |    15 |    12 ||    69
       Finesse           |       |       |       |       |       |     2 |       ||     2
 Abil: Dig               |       |       |       |       |       |       |     4 ||     4
Evoke: Wand              |       |       |       |       |     2 |       |       ||     2
  Use: Scroll            |       |       |    12 |     4 |    12 |     1 |     3 ||    32
       Potion            |       |       |       |     2 |     2 |     3 |     4 ||    11
 Stab: Invisible         |       |       |       |       |     1 |       |     4 ||     5
       Confused          |       |       |       |       |       |     1 |       ||     1
Armor: Scale mail        |    25 |   115 |   142 |       |       |       |       ||   282
       Plate armour      |       |       |    52 |   252 |   279 |    65 |       ||   648
       Crystal plate arm |       |       |       |       |       |   367 |   128 ||   495
Dodge: Dodged            |    46 |    95 |   174 |   184 |   352 |   446 |   131 ||  1428
Block: Buckler           |    16 |    47 |   117 |   329 |   423 |     8 |       ||   940
       Reflection        |       |       |     1 |     4 |    17 |   180 |    46 ||   248
       Kite shield       |       |       |       |       |       |  1050 |   367 ||  1417
